 Dungeon Crawl Stone Soup version 0.21-b1-23-g1fb0a74c36 (webtiles) character file.

3712 Peloso the Carver (level 9, -4/78 HPs)
             Began as a Minotaur Fighter on Jan 5, 2018.
             Was a Follower of Okawaru.
             Killed from afar by Maurice (22 damage)
             ... with a wand of acid (5)
             ... on level 8 of the Dungeon.
             The game lasted 00:10:42 (6041 turns).

Peloso the Carver (Minotaur Fighter)                Turns: 6041, Time: 00:10:43

Health: -4/78      AC: 14    Str: 26    XL:     9   Next: 91%
Magic:  8/8        EV:  8    Int:  5    God:    Okawaru [*.....]
Gold:   467        SH: 12    Dex: 13    Spells: 8/8 levels left

rFire    . . .     SeeInvis .   a - +0 long sword
rCold    . . .     Gourm    .   c - +0 shield
rNeg     . . .     Faith    .   b - +0 plate armour
rPois    .         Spirit   .   (helmet restricted)
rElec    .         Reflect  .   D - +0 cloak
rCorr    .         Harm     .   r - +0 pair of gloves
MR       .....                  u - +0 pair of boots
Stlth    ..........             F - amulet of magic regeneration
HPRegen  0.23/turn              q - +5 ring of strength
MPRegen  0.36/turn              A - +5 ring of slaying

@: corroded
A: retaliatory headbutt, horns 2
a: Heroism, Renounce Religion


You were on level 8 of the Dungeon.
You worshipped Okawaru.
Okawaru was aware of your devotion.
You were not hungry.

You visited 1 branch of the dungeon, and saw 8 of its levels.

You collected 467 gold pieces.

Inventory:

Hand Weapons
 a - a +0 long sword (weapon)
Armour
 b - a +0 plate armour (worn)
 c - a +0 shield (worn)
 r - a +0 pair of gloves (worn)
 u - a +0 pair of boots (worn)
 D - a +0 cloak (worn)
Jewellery
 q - a +5 ring of strength (left hand)
 A - a +5 ring of slaying (right hand)
 B - a +3 ring of slaying
 F - an amulet of magic regeneration (around neck)
 G - an uncursed ring of wizardry {unknown}
Wands
 l - a wand of polymorph (7)
 z - a wand of disintegration (23)
Scrolls
 h - a scroll of blinking
 m - 4 scrolls of remove curse
 n - 10 scrolls of identify {unknown}
 o - 7 scrolls of teleportation {unknown}
 p - 2 scrolls of enchant weapon {unknown}
 t - 3 scrolls of magic mapping {unknown}
 v - a scroll of fear {unknown}
 x - a scroll of fog {unknown}
 y - 2 scrolls of enchant armour {unknown}
 E - a scroll of immolation {unknown}
Potions
 d - 3 potions of might
 g - a potion of degeneration {unknown}
 i - 6 potions of flight {unknown}
 j - a potion of agility {unknown}
 k - 5 potions of curing {unknown}
 s - 3 potions of heal wounds {unknown}
Books
 e - a book of Changes

   Spells                             Type                      Level
   a - Beastly Appendage              Transmutation                1
   b - Sticks to Snakes               Transmutation                2
   c - Spider Form                    Transmutation/Poison         3
   d - Ice Form                       Ice/Transmutation            4
   e - Blade Hands                    Transmutation                5
 w - a book of Conjurations

   Spells                             Type                      Level
   a - Magic Dart                     Conjuration                  1
   b - Searing Ray                    Conjuration                  2
   c - Dazzling Spray                 Conjuration/Hexes            3
   d - Fulminant Prism                Conjuration/Hexes            4
   e - Force Lance                    Conjuration/Translocation    4
   f - Iskenderun's Mystic Blast      Conjuration                  4
Comestibles
 f - 20 rations
 C - 8 chunks of flesh


   Skills:
 + Level 6.5 Fighting
 + Level 10.5 Long Blades
 + Level 9.0 Armour
 + Level 3.0 Dodging
 + Level 0.2 Stealth
 + Level 9.4 Shields


You had 8 spell levels left.
You didn't know any spells.

Dungeon Overview and Level Annotations

Branches:
Dungeon (8/15)             Temple (0/1) D:7
   Lair: D:8-11

Altars:
Elyvilon
Hepliaklqana
Okawaru
Sif Muna
Xom

Annotations:
D:8 Maurice


Innate Abilities, Weirdness & Mutations

You reflexively headbutt those who attack you in melee.
You have a pair of horns on your head.


Message History

The quokka bites you but does no damage.
You block the adder's attack.
Found a stone staircase leading up.
You block the quokka's attack.
You hear a zap.
A bolt of acid appears from out of thin air!
The bolt of acid hits you!
You are splashed with acid!
The acid burns!
* * * LOW HITPOINT WARNING * * *
The bolt of acid misses the adder.
The adder barely misses you. You block the adder's attack.
You slash something! You headbutt something. You block the quokka's attack.
You block the adder's attack. The adder bites you but does no damage.
Something hits you.
* * * LOW HITPOINT WARNING * * *
Something steals 2 of your 3 scrolls of blinking!
You block the adder's attack.
You hear a zap.
A bolt of acid appears from out of thin air!
The bolt of acid hits you!
You die...

.. #.# #
..#.##..##.#.####
........##.......
#.......##.#.####
##...##..##.#.# #
#....##..##.#.# #
#.............# #
#.S.###..##.### #
#@r......##.# #
#......S...$..##.######
#.####.#>####........<.
#.#.# #.##.######
<...........#
.....######### ...>#.#
######.#


You could see 2 adders and a quokka.

Vanquished Creatures
  The ghost of weresquid the Grappler, a novice TrGl of Trog (D:6)
  Psyche (D:8)
  A hippogriff (D:7)
  The ghost of moonpresence the Chopper, an amateur HOFi (D:4)
  2 hungry ghosts
  2 orc warriors
  A sky beast (D:5)
  5 ogres
  An ice beast (D:6)
  A necrophage (D:7)
  A centaur (D:5)
  4 bullfrogs
  2 scorpions
  2 howler monkeys
  2 crimson imps (D:5)
  A bullfrog zombie (D:5)
  2 gnoll shamans
  3 hounds
  A jelly (D:6)
  Crazy Yiuf (D:6)
  2 iguanas
  6 orc wizards
  Jessica (D:3)
  7 worker ants
  A hound skeleton (D:6)
  2 howler monkey zombies
  8 adders
  4 gnolls (D:7)
  A shadow imp (D:7)
  An ooze (D:2)
  2 adder skeletons
  An adder zombie (D:8)
  4 worms
  2 dart slugs
  7 leopard geckos
  15 orcs
  7 bats
  5 giant cockroaches
  5 goblins
  5 hobgoblins
  5 jackals
  3 quokkas
  3 ball pythons
  2 frilled lizards
  A jackal zombie (D:7)
  7 kobolds
  8 rats
150 creatures vanquished.

Notes
Turn   | Place    | Note
-------+----------+-------------------------------------------
     0 | D:1      | Peloso the Minotaur Fighter began the quest for the Orb.
     0 | D:1      | Reached XP level 1. HP: 19/19 MP: 0/0
   120 | D:1      | Reached XP level 2. HP: 26/27 MP: 1/1
   747 | D:2      | Reached XP level 3. HP: 31/33 MP: 2/2
   885 | D:2      | Found a shimmering altar of Xom.
   942 | D:2      | Reached skill level 3 in Long Blades
  1100 | D:2      | Found a hazy altar of Hepliaklqana.
  1204 | D:2      | Reached XP level 4. HP: 20/40 MP: 3/3
  1930 | D:3      | Noticed Jessica
  1934 | D:3      | Killed Jessica
  1934 | D:3      | Reached skill level 1 in Dodging
  1934 | D:3      | Reached XP level 5. HP: 46/46 MP: 4/4
  2032 | D:3      | Reached skill level 4 in Long Blades
  2387 | D:3      | Found a white marble altar of Elyvilon.
  2675 | D:4      | Reached skill level 5 in Armour
  2763 | D:4      | Reached skill level 5 in Shields
  2763 | D:4      | Reached XP level 6. HP: 48/53 MP: 5/5
  2832 | D:4      | Reached skill level 5 in Long Blades
  2908 | D:4      | Noticed moonpresence's ghost (amateur HOFi)
  2923 | D:4      | Killed moonpresence's ghost
  3097 | D:5      | Entered Level 5 of the Dungeon
  3160 | D:5      | Reached XP level 7. HP: 53/60 MP: 6/6
  3168 | D:5      | Reached skill level 6 in Long Blades
  3282 | D:5      | Reached skill level 5 in Fighting
  3401 | D:5      | Reached skill level 7 in Long Blades
  3462 | D:5      | Reached XP level 8. HP: 68/68 MP: 7/7
  3734 | D:5      | Found a deep blue altar of Sif Muna.
  3768 | D:6      | Reached skill level 8 in Long Blades
  4031 | D:6      | Noticed weresquid's ghost (novice TrGl)
  4047 | D:6      | Killed weresquid's ghost
  4728 | D:6      | Reached XP level 9. HP: 74/74 MP: 8/8
  4777 | D:6      | Found a runed door.
  5018 | D:6      | Noticed Crazy Yiuf
  5024 | D:6      | Killed Crazy Yiuf
  5110 | D:7      | Found an iron altar of Okawaru.
  5124 | D:7      | Became a worshipper of Warmaster Okawaru
  5158 | D:7      | Reached skill level 9 in Long Blades
  5376 | D:7      | Reached * piety under Okawaru
  5418 | D:7      | Found a staircase to the Ecumenical Temple.
  5910 | D:8      | Noticed Psyche
  5920 | D:8      | Killed Psyche
  5920 | D:8      | Reached skill level 10 in Long Blades
  6032 | D:8      | Noticed Maurice
  6041 | D:8      | Killed from afar by Maurice

Skill      XL: |  1  2  3  4  5  6  7  8  9 |
---------------+----------------------------+-----
Armour         | 4 5 6 7 9 |  9.0
Fighting       | 4 5 6 |  6.5
Shields        | 4 5 6 7 9 |  9.4
Long Blades    | 3 4 5 7 8 10 | 10.5
Dodging        | 1 2 3 |  3.0
Stealth        | |  0.2

Action                   |  1- 3 |  4- 6 |  7- 9 || total
-------------------------+-------+-------+-------++-------
Melee: Long sword        |    99 |   138 |   255 ||   492
       Headbutt          |    16 |    34 |    57 ||   107
  Use: Potion            |       |       |     1 ||     1
       Scroll            |       |       |     4 ||     4
  Eat: Chunk             |       |     7 |     8 ||    15
       Ration            |       |       |     1 ||     1
Armor: Chain mail        |    47 |    70 |   105 ||   222
       Scale mail        |     3 |       |       ||     3
       Plate armour      |       |       |    10 ||    10
       Skin              |       |       |     3 ||     3
Dodge: Dodged            |    20 |    27 |    45 ||    92
Block: Shield            |    62 |    64 |   135 ||   261
       Rpst.: Long sword |     9 |     7 |     9 ||    25
